 Dungeon Crawl Stone Soup version 0.32-a0-13-gbaedc5810e (webtiles) character file.

Game seed: 367844005253160459

792 Revguard the Trooper (level 7, 0/61 HPs)
             Began as a Hill Orc Fighter on Jan 15, 2024.
             Slain by a hound (4 damage)
             ... on level 6 of the Dungeon.
             The game lasted 00:08:42 (4706 turns).

Revguard the Trooper (Hill Orc Fighter)             Turns: 4706, Time: 00:08:42

Health: 0/61       AC:  9    Str: 19 (21) XL:     7   Next: 88%
Magic:  9/9        EV: 10    Int:  6 (8)  God:
Gold:   271        SH:  8    Dex:  7 (10) Spells: 6/6 levels left

rFire   . . .        a - +1 war axe
rCold   . . .        c - +0 buckler
rNeg    . . .        b - +0 scale mail
rPois   .            (helmet restricted)
rElec   .            m - +0 cloak
rCorr   .            l - +0 pair of gloves
SInv    .            (no boots)
Will    .....        (no amulet) Stlth
                     (no ring)
HPRegen 0.30/turn    (no ring)
MPRegen 0.11/turn

%: no passive effects
@: studying Ice Magic, invisible
A: horns 1, large bone plates 1, deterioration 1, sturdy frame 1
a: no special abilities


You were on level 6 of the Dungeon.
You visited 2 branches of the dungeon, and saw 7 of its levels.

You collected 271 gold pieces.

Inventory:

Hand Weapons
 a - a +1 war axe (weapon)
 v - a +0 bardiche
Armour
 b - a +0 scale mail (worn)
 c - a +0 buckler (worn)
 l - a +0 pair of gloves (worn)
 m - a +0 cloak (worn)
Wands
 s - a wand of digging (7)
Scrolls
 d - a scroll of immolation
 h - 2 scrolls of fog
 r - a scroll of torment
Potions
 f - a potion of enlightenment {unknown}
 g - a potion of cancellation {unknown}
 i - a potion of degeneration
 j - a potion of lignification {unknown}
 k - a potion of heal wounds {unknown}
 n - a potion of brilliance {unknown}
 q - a potion of magic {unknown}
 t - a potion of mutation
 u - a potion of invisibility


   Skills:
 + Level 5.4 Fighting
 + Level 4.9 Axes
 + Level 4.8 Armour
 + Level 2.3 Dodging
 + Level 4.8 Shields
 + Level 3.8 Invocations
 + Level 2.7 Evocations


You had 6 spell levels left.
You didn't know any spells.
Your spell library contained the following spells:

 Spells                   Type           Power      Damage    Failure   Level
 Ensorcelled Hibernation  Hex/Ice        0%         N/A       88%         2
 Passwall                 Erth           0%         N/A       98%         3
 Swiftness                Air            0%         N/A       98%         3


Dungeon Overview and Level Annotations

Branches:
Dungeon (6/15)             Temple (1/1) D:5

Altars:
Ashenzari
Cheibriados
Fedhas
Gozag
Hepliaklqana
Makhleb
Nemelex Xobeh
Okawaru
Ru
Trog
Uskayaw
Wu Jian
Xom
Yredelemnul
Zin

Shops:
D:5 (

Annotations:
D:6 Grinder


Innate Abilities, Weirdness & Mutations

You have a pair of small horns on your head.
You are partially covered in large bone plates. (SH +4)
Your body sometimes deteriorates upon taking damage.
Your movements are slightly less encumbered by armour. (ER -2)


Message History

You feel sick.
You feel sick. The water moccasin misses you.
Things that are here:
a +0 dagger; 2 poisoned darts; a kobold skeleton Your surroundings suddenly seem different.
A hound comes into view.
Found a stone staircase leading down.
You feel sick.
The hound barks!
You hear a shout!
Grinder comes into view.
Okay, then.
Okay, then.
It was a potion of ambrosia.
You are confused.
You feel invigorated.
You feel sick.
Grinder shouts!
The hound bites you but does no damage.
You feel sick.
Grinder shouts!
The hound bites you but does no damage.
You bump into the rock wall.
You feel sick. The hound closely misses you.
Grinder hits you but does no damage. The hound misses you.
You bump into the rock wall.
You feel less invigorated.
You feel less confused.
You feel sick.
You are no longer poisoned.
The hound barely misses you. Grinder hits you.
* * * LOW HITPOINT WARNING * * *
You hit the hound.
The hound is heavily wounded.
You closely miss Grinder. The hound bites you.
* * * LOW HITPOINT WARNING * * *
Grinder gestures at you. Pain shoots through your body!
* * * LOW HITPOINT WARNING * * *
The hound bites you but does no damage.
Okay, then.
You completely miss the hound.
The hound is heavily wounded.
You hit Grinder. The hound bites you.
You die...

#### ...
.. .#
##5##
#@..#
#.h....#
#.......#
#......##
#.#.....>
#.##.#.###
## ####


You could see Grinder (unable to see you) and a hound.

Vanquished Creatures
  A phantom (D:6)
  2 kobold brigands (D:6)
  A scorpion (D:5)
  2 howler monkeys
  A bombardier beetle (D:5)
  2 jellies
  4 hounds
  An iguana (D:4)
  2 sleepcaps
  Natasha (D:3)
  3 adders
  A white imp (D:4)
  2 ufetubi (D:6)
  2 ribbon worms (D:3)
  3 dart slugs
  An orc (D:3)
  2 bats
  An endoplasm (D:2)
  3 giant cockroaches (D:1)
  5 goblins
  13 hobgoblins
  19 kobolds
  3 quokkas
  9 ball pythons
  3 frilled lizards
  2 rats (D:3)
89 creatures vanquished.

Notes
Turn   | Place    | Note
-------+----------+-------------------------------------------
     0 | D:1      | Revguard the Hill Orc Fighter began the quest for the Orb.
     0 | D:1      | Reached XP level 1. HP: 19/19 MP: 1/1
   278 | D:1      | Reached XP level 2. HP: 27/27 MP: 2/2
   818 | D:1      | Reached skill level 4 in Fighting
   818 | D:1      | Reached XP level 3. HP: 31/33 MP: 3/3
  1062 | D:2      | Reached skill level 1 in Invocations
  2066 | D:3      | Reached XP level 4. HP: 40/40 MP: 5/5
  2242 | D:3      | Noticed Natasha
  2253 | D:3      | Gained mutation: Your body sometimes deteriorates upon
                  | taking damage. [potion of mutation]
  2253 | D:3      | Gained mutation: You are partially covered in large bone
                  | plates. (SH +4) [potion of mutation]
  2253 | D:3      | Gained mutation: You have a pair of small horns on your
                  | head. [potion of mutation]
  2253 | D:3      | Gained mutation: Your movements are slightly less
                  | encumbered by armour. (ER -2) [potion of mutation]
  2255 | D:3      | Killed Natasha
  2256 | D:3      | Reached skill level 1 in Evocations
  2710 | D:3      | Reached skill level 1 in Dodging
  2960 | D:4      | Reached XP level 5. HP: 39/47 MP: 6/6
  3326 | D:4      | Reached XP level 6. HP: 53/53 MP: 7/7
  3561 | D:5      | Entered Level 5 of the Dungeon
  3597 | D:5      | Found Pugek's Weapon Boutique.
  3895 | D:5      | Found a staircase to the Ecumenical Temple.
  3904 | Temple   | Entered the Ecumenical Temple
  3926 | D:5      | Reached XP level 7. HP: 25/60 MP: 9/9
  4135 | D:5      | Reached skill level 5 in Fighting
  4700 | D:6      | Noticed Grinder
  4706 | D:6      | Slain by a hound

Illustrated notes

Levels and vault maps discovered:
D:1:      psy_arrival_terrarium, layout_basic
D:2:      layout_basic, minivault_19
D:3:      layout_loops_ring, uniq_natasha
D:4:      layout_cave_pools, serial_library,
          serial_library_hellmonk_narrow_alcove,
          serial_library_hellmonk_open_square,
          serial_library_hellmonk_small_corner, serial_library_hellmonk_room_c,
          serial_library_hellmonk_junction
D:5:      layout_loops_ring, minmay_temple_entry_waves, serial_shops, shop,
          minmay_misc_feat_hallway, palyth_stone_intersect,
          nicolae_figureground_pulse
D:6:      layout_loops_ring, mainiacjoe_overflow_small_starburst,
          gammafunk_ghost_icy, uniq_crazy_yiuf_cottage, uniq_grinder,
          uniq_eustachio, uniq_maggie
Temple:   nicolae_temple_superstar

Skill      XL: |  1  2  3  4  5  6  7 |
---------------+----------------------+-----
Axes           | 3 4 |  4.9
Fighting       | 4 5 |  5.4
Invocations    | 1 2 3 |  3.8
Evocations     | 1 2 |  2.7
Dodging        | 1 2 |  2.3
Shields        | 4 |  4.8
Armour         | 4 |  4.8

Action                     |  1- 3 |  4- 6 |  7- 9 || total
---------------------------+-------+-------+-------++-------
  Melee: War axe           |   103 |   105 |    63 ||   271
         Headbutt          |       |    11 |     9 ||    20
    Use: Scroll            |       |    10 |     1 ||    11
         Potion            |       |     3 |     4 ||     7
 Armour: Scale mail        |    75 |    77 |    77 ||   229
  Dodge: Dodged            |    60 |    52 |    46 ||   158
  Block: Buckler           |    27 |    35 |    40 ||   102

Table legend: (Time is in decaauts)
 A = Elapsed time spent in this place.
 B = Non-inter-level travel time spent in this place.
 C = Inter-level travel time spent in this place.
 D = Time resting spent in this place.
 E = Time spent auto-exploring this place.
 F = Levels seen in this place.
 G = Mean time per level.
                   A        B        C        D        E       F      G
               +--------+--------+--------+--------+--------+-----+--------+
         Total |   4807 |   4662 |    145 |    170 |   3580 |   7 |  686.7 |
       Dungeon |   4803 |   4658 |    145 |    170 |   3580 |   6 |  800.5 |
        Temple |      3 |      3 |      0 |      0 |      0 |   1 |    3.0 |
               +--------+--------+--------+--------+--------+-----+--------+

Top non-repeatable levels by time:
     D:2: 1050 daAuts
     D:1: 1008 daAuts
     D:5: 939 daAuts
     D:3: 904 daAuts
     D:4: 672 daAuts
     D:6: 227 daAuts
  Temple: 3 daAuts
